 Dungeon Crawl Stone Soup version 0.20.1-1-g8b1a95d (webtiles) character file.

1204 t3hbunneh the Skirmisher (level 8, 0/64 HPs)
             Began as a Demonspawn Fighter on Oct 27, 2017.
             Was a Follower of Dithmenos.
             Slain by a gnoll
             ... wielding a +0 spear
              (5 damage)
             ... on level 7 of the Dungeon.
             The game lasted 00:15:19 (5017 turns).

t3hbunneh the Skirmisher (Demonspawn Fighter)       Turns: 5017, Time: 00:15:21

Health: 0/64       AC:  8    Str: 19    XL:     8   Next: 21%
Magic:  8/8        EV:  8    Int: 11    God:    Dithmenos [*.....]
Gold:   186        SH:  9    Dex: 13    Spells: 7/7 levels left

rFire    + . .     SeeInvis .   a - +0 flail
rCold    + . .     Gourm    .   c - +0 shield
rNeg     . . .     Faith    .   b - +1 scale mail
rPois    .         Spirit   .   (no helmet)
rElec    .         Reflect  .   (no cloak)
rCorr    .         Harm     .   (no gloves)
MR       .....                  (no boots)
Stlth    ..........             (no amulet)
Regen    0.2/turn               i - ring of protection from fire
MPRegen  0.2/turn               (no ring)

@: about to teleport, wreathed by umbra
A: hooves 2, clever 1, cold resistance 1, sense surroundings 1, screaming 1,
wild magic 1
a: Renounce Religion


You were on level 7 of the Dungeon.
You worshipped Dithmenos.
Dithmenos was aware of your devotion.
You were hungry.

You visited 2 branches of the dungeon, and saw 8 of its levels.

You collected 186 gold pieces.

Inventory:

Hand Weapons
 a - a +0 flail (weapon)
Armour
 b - a +1 scale mail (worn)
 c - a +0 shield (worn)
 h - a +0 chain mail
Jewellery
 d - an uncursed ring of protection from cold {unknown}
 i - a ring of protection from fire (left hand)
 m - an uncursed ring of protection from magic {unknown}
 p - a cursed -3 ring of slaying {unknown}
Wands
 g - a wand of enslavement (11/24)
Scrolls
 j - a scroll of fear
 k - 3 scrolls of teleportation
 l - a scroll of random uselessness {unknown}
 o - 2 scrolls of enchant weapon {unknown}
 t - a scroll of identify
 v - 2 scrolls of remove curse
Books
 e - a book of Frost

   Spells                             Type                      Level
   a - Freeze                         Ice                          1
   b - Throw Frost                    Conjuration/Ice              2
   c - Ozocubu's Armour               Charms/Ice                   3
   d - Throw Icicle                   Conjuration/Ice              4
   e - Summon Ice Beast               Ice/Summoning                4
 n - a book of Changes

   Spells                             Type                      Level
   a - Beastly Appendage              Transmutation                1
   b - Sticks to Snakes               Transmutation                2
   c - Spider Form                    Transmutation/Poison         3
   d - Ice Form                       Ice/Transmutation            4
   e - Blade Hands                    Transmutation                5
Comestibles
 f - 3 bread rations
 q - 2 fruits
 r - 2 meat rations
 s - 2 royal jellies


   Skills:
 + Level 6.2 Fighting
 - Level 5.0 Maces & Flails
 * Level 5.0 Armour
 * Level 3.0 Dodging
 + Level 1.0 Stealth
 - Level 3.0 Shields


You had 7 spell levels left.
You didn't know any spells.

Dungeon Overview and Level Annotations

Branches:
Dungeon (7/15)             Temple (1/1) D:5

Altars:
Cheibriados
Dithmenos
Elyvilon
Fedhas
Gozag
Hepliaklqana
Kikubaaqudgha
Sif Muna
Trog
Vehumet
Zin
The Shining One

Shops:
D:4 %

Annotations:
D:4 othur's ghost, amateur MiCK


Innate Abilities, Weirdness & Mutations

You have hoof-like feet.
Your flesh is cold resistant. (rC+)
Your mind is acute. (Int +2)
You passively map a small area around you.
You occasionally shout uncontrollably at your foes.
Your spells are a little harder to cast, but a little more powerful.


Message History

You sock the gnoll sergeant!
The gnoll sergeant is severely wounded.
You block the gnoll sergeant's attack. You block the gnoll's attack.
The gnoll hits you. The gnoll hits you with a spear.
* * * LOW HITPOINT WARNING * * *
The gnoll sergeant hits you with a spear of piercing!
* * * LOW HITPOINT WARNING * * *
x2 The gnoll hits you but does no damage.
It was a potion of magic.
Magic courses through your body. The gnoll barely misses you.
You block the gnoll's attack.
The gnoll sergeant hits you with a spear of piercing.
* * * LOW HITPOINT WARNING * * *
x2 You block the gnoll's attack.
As you read the scroll of teleportation, it crumbles to dust.
You feel strangely unstable. The gnoll hits you but does no damage.
The gnoll hits you with a spear.
* * * LOW HITPOINT WARNING * * *
The gnoll sergeant hits you but does no damage.
The gnoll hits you from afar with a spear.
You die... , #.#### , #...# ###.#### , #...#######....... , #...#.....#....... , ,'.. #.....#....... #.###.. #.........#### #.# gg#

#.....########
#.#.#g#.#.....###.....
#.#.#@#.#####.).#.####
#.#..gg.# #.#.#.#
#.###.#########.#.#
*########.###.#.........#.####
,.............................
.............................
*########.###.#.....##########
####.# #.####..# #....( #....#
#.......# #.....


You could see a gnoll sergeant and 4 gnolls.

Vanquished Creatures
  A hungry ghost (D:7)
  2 ogres
  A phantom (D:7)
  3 bullfrogs
  2 howler monkeys (D:5)
  2 crimson imps
  A bullfrog zombie (D:7)
  A bullfrog skeleton (D:5)
  2 orc wizards
  A centaur skeleton (D:4)
  An iguana (D:5)
  5 worker ants
  A hound skeleton (D:4)
  3 gnolls
  6 adders
  3 shadow imps
  An adder skeleton (D:6)
  2 dart slugs (D:3)
  A leopard gecko (D:4)
  16 orcs
  6 bats
  6 giant cockroaches
  6 goblins
  4 hobgoblins (D:3)
  3 jackals (D:4)
  A ball python (D:5)
  2 frilled lizards (D:1)
  A jackal skeleton (D:6)
  7 kobolds
  6 rats
97 creatures vanquished.

Notes
Turn   | Place    | Note
-------+----------+-------------------------------------------
     0 | D:1      | t3hbunneh the Demonspawn Fighter began the quest for the Orb.
     0 | D:1      | Reached XP level 1. HP: 18/18 MP: 1/1
    57 | D:1      | Gained mutation: You have large cloven feet. [demonic ancestry]
    57 | D:1      | Reached XP level 2. HP: 18/24 MP: 2/2
   585 | D:1      | Gained mutation: You have hoof-like feet. [demonic ancestry]
   585 | D:1      | Reached XP level 3. HP: 3/29 MP: 3/3
  1517 | D:3      | Reached XP level 4. HP: 33/37 MP: 4/4
  1781 | D:4      | Reached skill level 4 in Fighting
  1787 | D:4      | Gained mutation: Your flesh is cold resistant. (rC+) [demonic ancestry]
  1787 | D:4      | Reached XP level 5. HP: 36/42 MP: 5/5
  1945 | D:4      | Found Udaentef's Food Shoppe.
  2335 | D:4      | Noticed othur's ghost (amateur MiCK)
  2409 | D:5      | Entered Level 5 of the Dungeon
  2451 | D:5      | Found a staircase to the Ecumenical Temple.
  2481 | Temple   | Entered the Ecumenical Temple
  2576 | Temple   | Gained mutation: You passively map a small area around you. [potion of mutation]
  2576 | Temple   | Gained mutation: Your spells are a little harder to cast, but a little more powerful. [potion of mutation]
  2576 | Temple   | Gained mutation: You occasionally shout uncontrollably at your foes. [potion of mutation]
  2576 | Temple   | Gained mutation: Your mind is acute. (Int +2) [potion of mutation]
  2612 | Temple   | Became a worshipper of Dithmenos the Shadowed
  2750 | D:5      | Reached XP level 6. HP: 46/49 MP: 6/6
  2827 | D:5      | Reached skill level 5 in Maces & Flails
  3099 | D:5      | Reached skill level 1 in Dodging
  3226 | D:5      | Reached skill level 5 in Fighting
  3226 | D:5      | Reached XP level 7. HP: 56/56 MP: 7/7
  4170 | D:6      | Reached * piety under Dithmenos
  4552 | D:7      | Reached skill level 1 in Stealth
  4705 | D:7      | Reached skill level 6 in Fighting
  4751 | D:7      | Noticed a hungry ghost
  4782 | D:7      | Killed a hungry ghost
  4782 | D:7      | Reached XP level 8. HP: 64/64 MP: 8/8
  4926 | D:7      | Reached skill level 5 in Armour
  5017 | D:7      | Slain by a gnoll

Skill      XL: |  1  2  3  4  5  6  7  8 |
---------------+-------------------------+-----
Shields        | 3 |  3.0
Maces & Flails | 2 3 4 5 |  5.0
Fighting       | 4 5 6 |  6.2
Armour         | 3 4 5 |  5.0
Dodging        | 1 2 3 |  3.0
Stealth        | 1 |  1.0

Action                   |  1- 3 |  4- 6 |  7- 9 || total
-------------------------+-------+-------+-------++-------
Melee: Flail             |    98 |   149 |   129 ||   376
       Kick              |    22 |    46 |    38 ||   106
  Use: Scroll            |       |     7 |     1 ||     8
       Potion            |       |     6 |     1 ||     7
  Eat: Chunk             |     2 |     5 |     6 ||    13
       Royal jelly       |       |       |     1 ||     1
       Fruit             |       |       |     2 ||     2
Armor: Scale mail        |    42 |    61 |    58 ||   161
Dodge: Dodged            |    34 |    26 |    48 ||   108
Block: Shield            |    61 |    75 |    67 ||   203
